Map: [ESL] Tropical Sacrifice

Players

herO - Winner!

  • Race: Protoss Protoss
  • Spawn Location: 1:00

Dark

  • Race: Zerg Zerg
  • Spawn Location: 7:00

Event: DreamHack SC2 Masters 2022 Valencia

VOD

Have the link to the VOD?

Description

Time

  • Played on: July 3, 2022, 11:44 a.m.
  • Length: 11:39

All games in this series

Show
View Real Time Build Order
Export as new Build Order

herO Protoss - Winner!

Build Orders: 1 Gate Expand, Oracle Opening 

Get SALT Encoding   

  12  0:00  Probe  
  13  0:12  Probe  
  14  0:18  Pylon  
  14  0:24  Probe (Chrono Boost)  
  15  0:37  Probe (Chrono Boost)  
  16  0:44  Probe (Chrono Boost), Gateway  
  16  0:49  Assimilator  
  17  0:51  Probe  
  18  1:03  Probe  
  19  1:15  Probe  
  20  1:28  Nexus  
  20  1:38  Cybernetics Core  
  20  1:41  Probe  
  20  1:46  Assimilator  
  21  1:53  Probe  
  22  1:57  Pylon  
  22  2:05  Probe  
  23  2:12  Adept (Chrono Boost)  
  25  2:17  Probe  
  25  2:21  Stargate  
  26  2:24  Warp Gate  
  27  2:30  Probe (Chrono Boost)  
  27  2:35  Adept  
  29  2:40  Probe (Chrono Boost)  
  31  2:47  Probe (Chrono Boost)  
  31  2:50  Probe (Chrono Boost)  
  32  2:54  Probe (Chrono Boost)  
  32  2:55  Probe (Chrono Boost)  
  34  3:03  Oracle (Chrono Boost)  
  34  3:06  Probe  
  34  3:07  Probe  
  34  3:12  Pylon  
  39  3:20  Probe x2, Gateway  
  41  3:30  Oracle (Chrono Boost)  
  46  3:43  Nexus  
  46  3:47  Pylon  
  44  3:50  Probe x2  
  46  3:57  Oracle (Chrono Boost)  
  46  4:02  Assimilator  
  49  4:04  Assimilator  
  49  4:07  Probe x2  
  51  4:18  Forge  
  51  4:19  Twilight Council  
  49  4:24  Adept x2  
  49  4:27  Probe  
  49  4:30  Probe  
  55  4:41  Gateway  
  55  4:42  Gateway  
  55  4:46  Probe  
  55  4:48  Stalker  
  55  4:50  Stalker  
  60  4:54  Blink  
  60  4:56  Probe x2 (Chrono Boost)  
  60  4:59  Probe (Chrono Boost)  
  63  5:00  Protoss Ground Weapons Level 1 (Chrono Boost)  
  63  5:08  Probe (Chrono Boost)  
  66  5:15  Probe (Chrono Boost)  
  66  5:16  Probe x2 (Chrono Boost)  
  67  5:21  Sentry x2  
  67  5:22  Probe x2  
  67  5:23  Probe  
  74  5:34  Probe x2  
  74  5:35  Probe  
  77  5:37  Pylon  
  77  5:43  Gateway  
  77  5:45  Gateway  
  77  5:47  Shield Battery  
  77  5:49  Probe  
  77  5:53  Shield Battery  
  79  5:57  Stalker x3  
  79  5:59  Stalker  
  79  6:01  Pylon  
  85  6:07  Pylon  
  85  6:09  Shield Battery  
  85  6:16  Photon Cannon  
  85  6:18  Photon Cannon  
  85  6:22  Stalker x2  
  87  6:28  Stalker x2  
  91  6:41  Probe x2  
  91  6:42  Probe  
  90  6:47  Stalker x3  
  90  6:48  Stalker  
  95  6:54  Stalker x2  
  95  6:55  Pylon  
  95  6:59  Probe x3  
  95  7:01  Protoss Ground Weapons Level 2 (Chrono Boost)  
  99  7:13  Oracle (Chrono Boost)  
  99  7:14  Probe x2  
  99  7:15  Probe, Robotics Facility  
  105  7:20  Assimilator x2  
  105  7:24  Pylon  
  105  7:27  Shield Battery  
  105  7:28  Zealot  
  107  7:30  Pylon x2  
  107  7:32  Probe x2 (Chrono Boost)  
  107  7:34  Probe (Chrono Boost)  
  102  7:44  Probe (Chrono Boost)  
  102  7:46  Probe (Chrono Boost)  
  102  7:48  Stalker x2  
  102  7:50  Probe (Chrono Boost)  
  107  7:52  Probe (Chrono Boost)  
  107  7:53  Probe (Chrono Boost)  
  107  7:56  Probe (Chrono Boost)  
  110  7:58  Probe  
  110  7:59  Templar Archives  
  110  8:00  Charge, Probe  
  110  8:01  Warp Prism (Chrono Boost)  
  114  8:08  Probe  
  114  8:09  Sentry  
  114  8:10  Probe  
  118  8:15  Gateway  
  118  8:19  Gateway  
  119  8:23  Pylon  
  119  8:24  Pylon  
  118  8:30  Zealot x4  
  118  8:31  Observer (Chrono Boost)  
  127  8:35  Pylon  
  127  8:37  High Templar x2  
  131  8:49  Immortal (Chrono Boost)  
  131  8:52  Nexus  
  135  8:55  Shield Battery  
  135  8:59  Pylon  
  135  9:01  High Templar  
  135  9:02  Archon, High Templar, Zealot  
  141  9:05  Probe x2  
  141  9:06  Probe  
  144  9:10  Archon  
  144  9:16  Immortal (Chrono Boost)  
  148  9:21  High Templar x2, Zealot x2  
  156  9:26  Probe x3  
  156  9:27  Archon  
  159  9:38  Zealot  
  159  9:40  Pylon x2  
  159  9:45  Photon Cannon  
  161  9:47  Probe x3  
  164  9:55  Assimilator  
  164  9:56  Assimilator  
  164  9:58  Photon Cannon  
  164  10:00  Immortal (Chrono Boost)  
  168  10:07  High Templar x2, Zealot  
  168  10:11  Archon  
  168  10:12  Zealot x2  
  178  10:22  High Templar  
  178  10:23  High Templar, Zealot  
  178  10:26  Gateway  
  178  10:27  Gateway  
  176  10:29  Immortal (Chrono Boost)  
  176  10:33  Zealot x3  
  186  10:43  Archon  
  186  10:45  Zealot x2  
  186  10:46  Zealot  
  176  10:59  Zealot x5  
  176  11:02  Immortal (Chrono Boost)  
  180  11:11  Zealot x3  
  160  11:17  Robotics Bay  
  149  11:22  Zealot x7  
  157  11:32  Robotics Facility  
Show
View Real Time Build Order
Export as new Build Order

Dark Zerg 

Build Orders: Hatch First 

Get SALT Encoding   

  12  0:00  Drone  
  13  0:13  Overlord  
  13  0:18  Drone  
  14  0:32  Drone x2  
  16  0:38  Drone  
  17  0:55  Hatchery  
  16  0:58  Drone  
  16  1:01  Drone  
  18  1:13  Extractor  
  18  1:16  Spawning Pool  
  16  1:19  Drone  
  16  1:22  Drone  
  18  1:30  Drone  
  19  1:41  Drone  
  20  1:53  Drone  
  21  2:04  Zergling x2  
  21  2:06  Queen x2  
  21  2:07  Zergling x2  
  27  2:12  Metabolic Boost  
  27  2:14  Overlord  
  27  2:17  Drone  
  28  2:33  Drone x3  
  31  2:44  Hatchery  
  30  2:51  Queen  
  30  2:55  Zergling x2  
  30  2:56  Drone  
  34  3:00  Drone  
  34  3:02  Drone  
  36  3:06  Overlord  
  36  3:14  Overlord  
  35  3:24  Spore Crawler, Overlord  
  35  3:25  Drone x2  
  36  3:27  Drone  
  36  3:30  Drone  
  38  3:38  Queen  
  38  3:40  Drone  
  41  3:46  Queen  
  41  3:48  Drone  
  44  3:51  Drone  
  45  3:58  Zergling x4  
  45  3:59  Drone  
  45  4:00  Drone  
  48  4:04  Spore Crawler  
  47  4:10  Drone x3  
  47  4:15  Lair  
  49  4:18  Queen  
  49  4:21  Drone  
  49  4:22  Drone  
  53  4:29  Drone x4  
  55  4:33  Drone x2  
  55  4:36  Drone  
  55  4:37  Drone  
  57  4:46  Zergling x4  
  57  4:47  Drone  
  57  4:50  Extractor, Drone x4  
  63  4:55  Queen  
  63  4:58  Overlord  
  65  5:00  Overlord  
  65  5:04  Overlord  
  65  5:17  Overlord  
  65  5:19  Zergling x16  
  65  5:20  Nydus Network  
  72  5:23  Overlord  
  72  5:27  Zergling x4  
  72  5:28  Baneling Nest  
  73  5:32  Zergling x2  
  73  5:33  Zergling x4  
  77  5:35  Zergling x4  
  78  5:45  Zergling x6  
  78  5:47  Queen  
  83  5:51  Zergling x4  
  83  5:54  Zergling x6  
  88  5:57  Nydus Canal  
  88  5:58  Zergling x6  
  88  5:59  Zergling x4  
  93  6:06  Zergling x2  
  93  6:07  Zergling x8  
  93  6:08  Overlord  
  97  6:12  Nydus Canal  
  97  6:17  Overlord  
  97  6:19  Overlord  
  97  6:22  Baneling x5  
  95  6:32  Zergling x20  
  88  6:42  Zergling x10  
  88  6:45  Zergling x2  
  84  6:50  Zergling x6  
  82  6:56  Queen, Zergling x2  
  81  7:02  Queen  
  81  7:05  Hydralisk Den  
  81  7:06  Drone x4  
  81  7:08  Drone  
  86  7:10  Nydus Canal  
  86  7:11  Drone  
  86  7:12  Baneling x2  
  86  7:13  Baneling x3  
  86  7:15  Drone x2  
  89  7:17  Extractor  
  89  7:22  Drone x2  
  89  7:26  Drone  
  87  7:39  Hydralisk x3  
  87  7:40  Zergling x4  
  87  7:43  Extractor x2, Drone x2  
  92  7:49  Zergling x2  
  93  7:53  Drone x2  
  93  7:54  Drone  
  93  7:57  Drone x3  
  99  7:59  Grooved Spines  
  99  8:00  Hatchery  
  99  8:05  Hydralisk x2  
  97  8:09  Hydralisk  
  103  8:14  Hydralisk  
  103  8:17  Overlord  
  106  8:20  Drone x2  
  106  8:24  Drone x2  
  106  8:25  Evolution Chamber  
  106  8:26  Hydralisk x2  
  112  8:27  Drone x2  
  114  8:38  Drone x3  
  114  8:39  Hydralisk x4  
  114  8:41  Extractor  
  124  8:47  Drone  
  125  8:52  Hydralisk x2  
  125  8:55  Overlord x2  
  129  8:58  Overlord x3  
  129  9:00  Overlord  
  129  9:02  Overlord  
  129  9:05  Overlord  
  129  9:06  Overlord  
  129  9:09  Overlord  
  129  9:16  Evolution Chamber  
  127  9:20  Drone  
  127  9:21  Drone x7  
  135  9:26  Hydralisk x2  
  135  9:27  Overseer  
  135  9:31  Muscular Augments  
  139  9:36  Hydralisk x3  
  139  9:37  Drone  
  146  9:39  Drone  
  146  9:41  Spore Crawler  
  146  9:44  Zerg Melee Weapons Level 1  
  146  9:48  Hydralisk x2  
  150  9:53  Zergling x10  
  150  9:57  Drone x2  
  150  9:58  Drone  
  150  9:59  Lurker Den  
  157  10:03  Infestation Pit  
  157  10:05  Zergling x8  
  159  10:08  Drone x4  
  159  10:09  Drone  
  164  10:16  Drone x2  
  164  10:18  Extractor  
  164  10:19  Extractor  
  164  10:23  Zergling x20  
  171  10:30  Baneling  
  171  10:31  Baneling x4  
  168  10:38  Hydralisk x6  
  168  10:41  Baneling x4  
  180  10:48  Hydralisk x2  
  180  10:49  Hydralisk x3  
  190  10:54  Hydralisk  
  190  10:56  Zergling x6  
  184  10:58  Hydralisk x2  
  172  11:09  Hydralisk x4  
  146  11:20  Zergling x4  

Tags
 
Add a new tag
Caveats
  • Supply blocks, unpowered buildings, or Contaminate may cause inaccurate times.
  • Supply counts are checked every 10 seconds.